 Dungeon Crawl Stone Soup version 0.19-a0-1120-g42b7146 (webtiles) character file.

25011 Elitist the Cruncher (level 13, -5/80 HPs)
             Began as a Kobold Assassin on Aug 11, 2016.
             Was an Initiate of Gozag.
             Slain by a sun demon (14 damage)
             ... summoned by a kobold demonologist
             ... on level 12 of the Dungeon.
             The game lasted 01:02:37 (19451 turns).

Elitist the Cruncher (Kobold Assassin)             Turns: 19451, Time: 01:02:37

Health: -5/80      AC: 17    Str: 12    XL:     13   Next: 47%
Magic:  13/13      EV: 20    Int:  9    God:    Gozag
Gold:   1860       SH:  0    Dex: 20    Spells: 4 memorised, 3 levels left

rFire  . . .     SeeInvis .     a - +5 quarterstaff (drain)
rCold  . . .     Gourm    .     q - +3 ring mail
rNeg   . . .     Faith    .     (shield currently unavailable)
rPois  +         Spirit   .     z - +0 helmet
rElec  .         Dismiss  .     d - +0 cloak
rCorr  .         Reflect  .     m - +0 pair of gloves
SustAt .         Harm     .     C - +1 pair of boots
MR     +....                    (no amulet)
Stlth  ++++......               L - +2 ring of protection
                                k - ring of poison resistance

@:
A: carnivore 3, magic resistance 1
a: Potion Petition, Call Merchant, Bribe Branch, Renounce Religion


You were on level 12 of the Dungeon.
You worshipped Gozag.
Gozag was most pleased with you.
You were full.

You visited 1 branch of the dungeon, and saw 12 of its levels.
You also visited: Ossuary.

You collected 3793 gold pieces.
You spent 1899 gold pieces at shops.
You paid 34 gold pieces to Gozag.

Inventory:

Hand Weapons
 a - a +5 quarterstaff of draining (weapon)
 b - a +0 blowgun
Missiles
 e - 24 poisoned needles
 f - 9 curare-tipped needles
 p - 21 tomahawks (quivered)
 P - 7 needles of sleeping
Armour
 d - a +0 cloak (worn)
 m - a +0 pair of gloves (worn)
 q - a +3 ring mail (worn)
 z - a +0 helmet (worn)
 C - a +1 pair of boots (worn)
Jewellery
 c - an uncursed ring of positive energy
 k - a ring of poison resistance (left hand)
 D - an uncursed ring of flight
 H - an uncursed ring of magical power
 L - a +2 ring of protection (right hand)
 Z - an uncursed ring of stealth
Wands
 Q - a wand of disintegration (5/24)
 V - a wand of lightning (8/15)
 Y - a wand of heal wounds (0/9)
Scrolls
 j - 9 scrolls of magic mapping
 l - a scroll of fog
 r - 7 scrolls of remove curse
 s - 4 scrolls of teleportation
 O - 2 scrolls of blinking
Potions
 h - 5 potions of curing
 i - a potion of resistance
 n - a potion of cure mutation {unknown}
 o - 4 potions of brilliance
 t - a potion of heal wounds
 v - a potion of cancellation
 w - a potion of haste {unknown}
Miscellaneous
 g - a sack of spiders


   Skills:
 - Level 9.2 Fighting
   Level 4.6 Short Blades
 - Level 14.2 Staves
 - Level 4.7 Throwing
 * Level 5.7 Armour
 + Level 9.2 Dodging
 - Level 8.1 Stealth
 + Level 2.3 Charms
 + Level 1.1 Air Magic


You had 3 spell levels left.
You knew the following spells:

 Your Spells              Type           Power        Failure   Level  Hunger
a - Repel Missiles        Chrm/Air       #.....       71%         2    ###....
b - Swiftness             Chrm/Air       #.......     71%         2    ###....
c - Song of Slaying       Chrm           #.......     58%         2    ###....
d - Regeneration          Chrm/Necr      #.........   98%         3    ####...


Dungeon Overview and Level Annotations

Branches:
Dungeon (12/15)            Temple (0/1) D:6             Orc (0/2) D:12
   Lair: D:8-11

Altars:
Ashenzari
Gozag
Kikubaaqudgha
Makhleb
Xom
Yredelemnul
The Shining One

Shops:
D:4 *   D:8 ?   D:12 :

Annotations:
D:10 exclusions: obsidian statue and orange crystal statue


Innate Abilities, Weirdness & Mutations

You are small and have problems with some larger weapons.
You are carnivorous and can eat meat at any time.
You are resistant to hostile enchantments. (MR+)


Message History

The kobold demonologist is severely wounded.
The sun demon hits you!
You are engulfed in flames!
The kobold demonologist gestures wildly while chanting.
You closely miss the kobold demonologist.
The kobold demonologist is severely wounded.
You closely miss the kobold demonologist.
The kobold demonologist is severely wounded.
The sun demon hits you!!
You are engulfed in flames!
* * * LOW HITPOINT WARNING * * *
The red devil completely misses you.
The kobold demonologist hits you but does no damage.
You are too injured to fight recklessly!
You are too injured to fight recklessly!
Unknown command.
The kobold demonologist casts a spell.
The sun demon hits you!
* * * LOW HITPOINT WARNING * * *
You are engulfed in flames!
You die...
Your body crumbles into a pile of gold.

#?>.##)##.#...#
###........
##!:.##.##)#...# #######..
###'###'#)##.#...# ##.
.))## ##...#[#...# #. )8)#
#.8.#.#...# #. )..#
#...#.#..4###############.
####
##'##..)4.....>...........
#.....#3♣.##.###########.
##....♣.@.♣...........##.
#....##♣##....####...##.
#....# #.....# #...##.
#....####.....# #...##.
#......##.....# #...##.
##.....##.##### ##.####
#.(...##.#########.####
#.................<....
##..####.##############


You could see a sun demon and an orange demon.

Vanquished Creatures
  Snorg (D:11)
  Josephine (D:12)
  Erolcha (D:11)
  2 centaur warriors
  Urug (D:10)
  2 unseen horrors
  5 hill giants
  Pikel (D:7)
  The ghost of MoronicCinamun the Destroyer, a novice DgCj (D:6)
  An ugly thing (D:10)
  2 cyclopes
  Joseph (D:9)
  Maurice (D:10)
  Prince Ribbit (D:6)
  A two-headed ogre (D:10)
  The ghost of fairyof the Charlatan, an amateur KoAr (D:3)
  2 shadows
  3 wraiths (D:12)
  The ghost of Elysium the Skirmisher, an amateur MiMo (D:4)
  A wyvern (D:10)
  28 yaks
  3 hippogriffs
  A steam dragon (D:11)
  2 mottled dragons
  A water moccasin (D:8)
  4 orc warriors
  3 ice beasts
  An eye of draining (D:9)
  3 necrophages
  3 sky beasts
  4 slaves (D:7)
  A wasp (D:11)
  8 ogres
  12 centaurs
  2 crocodiles
  2 big kobolds
  9 giant frogs
  2 wyvern zombies
  A wyvern skeleton (D:9)
  15 killer bees
  7 scorpions
  10 wights
  5 howler monkeys
  4 electric eels (D:9)
  A giant frog zombie (D:10)
  4 centaur zombies
  5 crimson imps
  5 hounds
  A quasit (D:6)
  7 jellies
  6 orc priests
  A gnoll shaman (D:6)
  3 iguanas
  2 centaur skeletons
  2 giant frog skeletons
  Terence (D:2)
  8 orc wizards
  9 worker ants
  4 big kobold zombies (Ossuary)
  2 hound zombies
  3 mummies (Ossuary)
  3 worker ant zombies
  20 adders
  9 gnolls (D:6)
  A howler monkey skeleton (D:6)
  2 scorpion zombies (Ossuary)
  5 shadow imps
  2 worms
  3 dart slugs
  6 giant geckos
  54 orcs
  3 ball pythons
  8 giant cockroaches
  3 gnoll zombies (Ossuary)
  2 goblins
  6 hobgoblins
  17 jackals
  11 kobolds
  4 quokkas
  13 bats
  A giant gecko skeleton (D:5)
  5 giant newts
  2 goblin zombies (Ossuary)
  3 hobgoblin zombies (Ossuary)
  A jackal zombie (D:8)
  A kobold zombie (Ossuary)
  2 orc zombies (Ossuary)
  3 rats (D:2)
415 creatures vanquished.

Vanquished Creatures (others)
  2 scorpions (Ossuary)
  An orc wizard (D:7)
3 creatures vanquished.

Grand Total: 418 creatures vanquished

Notes
Turn   | Place    | Note
-------+----------+-------------------------------------------
     0 | D:1      | Elitist the Kobold Assassin began the quest for the Orb.
     0 | D:1      | Reached XP level 1. HP: 12/12 MP: 1/1
   325 | D:1      | Reached XP level 2. HP: 10/18 MP: 2/2
  1183 | D:1      | Reached XP level 3. HP: 17/22 MP: 3/3
  1777 | D:2      | Reached XP level 4. HP: 27/27 MP: 4/4
  1983 | D:2      | Found an opulent altar of Gozag.
  2010 | D:2      | Became a worshipper of Gozag Ym Sagoz the Greedy
  2064 | D:2      | Noticed Terence
  2068 | D:2      | Killed Terence
  2537 | D:2      | Reached XP level 5. HP: 32/32 MP: 5/5
  2657 | D:3      | Noticed an ogre
  2666 | D:3      | Killed an ogre
  2666 | D:3      | Reached XP level 6. HP: 37/37 MP: 6/6
  2715 | D:3      | Noticed fairyof's ghost (amateur KoAr)
  2790 | D:3      | Found a shattered altar of Ashenzari.
  2802 | D:3      | Found a burning altar of Makhleb.
  2806 | D:3      | Found a shimmering altar of Xom.
  3151 | D:3      | Killed fairyof's ghost
  3151 | D:3      | Reached XP level 7. HP: 24/43 MP: 7/7
  3585 | D:3      | Found an ancient bone altar of Kikubaaqudgha.
  3954 | D:4      | Found Coimets's Assorted Antiques.
  3963 | D:4      | Bought an agate ring for 145 gold pieces
  3963 | D:4      | Bought a scroll labeled SIFO YSOCWI for 29 gold pieces
  3963 | D:4      | Bought a worn bone wand for 116 gold pieces
  3964 | D:4      | Bought a runed quarterstaff for 116 gold pieces
  3998 | D:4      | Found a sand-covered staircase.
  4014 | Ossuary  | Entered an ossuary
  4160 | Ossuary  | Reached skill level 1 in Staves
  4612 | Ossuary  | Reached XP level 8. HP: 42/48 MP: 8/8
  4641 | Ossuary  | Reached skill level 2 in Staves
  4778 | Ossuary  | Reached skill level 3 in Staves
  5096 | D:4      | Noticed Elysium's ghost (amateur MiMo)
  5110 | D:4      | Killed Elysium's ghost
  5110 | D:4      | Reached skill level 4 in Staves
  5110 | D:4      | Reached skill level 5 in Dodging
  5550 | D:5      | Entered Level 5 of the Dungeon
  5789 | D:5      | Reached skill level 5 in Staves
  5871 | D:5      | Reached XP level 9. HP: 52/52 MP: 9/9
  6498 | D:5      | Reached skill level 6 in Staves
  7497 | D:6      | Noticed Prince Ribbit
  7552 | D:6      | Killed Prince Ribbit
  7564 | D:6      | Found a staircase to the Ecumenical Temple.
  7568 | D:6      | Noticed MoronicCinamun's ghost (novice DgCj)
  7581 | D:6      | Killed MoronicCinamun's ghost
  7581 | D:6      | Reached skill level 7 in Staves
  7805 | D:6      | Found a glowing golden altar of the Shining One.
  7986 | D:6      | Reached XP level 10. HP: 56/56 MP: 10/10
  8027 | D:6      | Reached skill level 8 in Staves
  8696 | D:7      | Reached skill level 5 in Fighting
  8758 | D:7      | Noticed Pikel
  8778 | D:7      | Killed Pikel
  8778 | D:7      | Reached skill level 9 in Staves
  9839 | D:8      | Reached skill level 10 in Staves
  9844 | D:8      | Found Ybeje's Magic Scroll Emporium.
 10099 | D:8      | Reached XP level 11. HP: 35/66 MP: 11/11
 10279 | D:8      | Bought a scroll of fog for 22 gold pieces
 10279 | D:8      | Bought a scroll of identify for 22 gold pieces
 10279 | D:8      | Bought a scroll of identify for 22 gold pieces
 10279 | D:8      | Bought a scroll of identify for 22 gold pieces
 10279 | D:8      | Bought a scroll of teleportation for 33 gold pieces
 10279 | D:8      | Bought a scroll of identify for 22 gold pieces
 11208 | D:9      | Reached skill level 11 in Staves
 11295 | D:9      | Found a basalt altar of Yredelemnul.
 11529 | D:9      | Noticed a centaur warrior
 11673 | D:9      | Killed a centaur warrior
 11712 | D:10     | Entered Level 10 of the Dungeon
 12138 | D:9      | Noticed Joseph
 12164 | D:9      | Killed Joseph
 12930 | D:10     | Reached skill level 12 in Staves
 13220 | D:10     | Reached XP level 12. HP: 73/75 MP: 12/12
 13225 | D:10     | Noticed Urug
 13291 | D:10     | Killed Urug
 13553 | D:10     | Noticed Maurice
 14142 | D:10     | Reached skill level 1 in Armour
 15602 | D:10     | Killed Maurice
 15602 | D:10     | Reached skill level 13 in Staves
 16214 | D:11     | Killed an unseen horror
 16296 | D:11     | Noticed Erolcha
 16299 | D:11     | Killed Erolcha
 16368 | D:11     | Noticed Snorg
 16393 | D:11     | Killed Snorg
 16772 | D:11     | Reached XP level 13. HP: 31/80 MP: 13/13
 17535 | D:12     | Found Huakupt's Book Shop.
 17572 | D:12     | Noticed Josephine
 17600 | D:12     | Killed Josephine
 17600 | D:12     | Reached skill level 14 in Staves
 18136 | D:12     | Bought a book of Battle for 720 gold pieces
 18136 | D:12     | Bought a book of Air for 630 gold pieces
 18139 | D:12     | Learned a level 2 spell: Repel Missiles
 18142 | D:12     | Learned a level 2 spell: Swiftness
 18145 | D:12     | Learned a level 2 spell: Song of Slaying
 18149 | D:12     | Learned a level 3 spell: Regeneration
 18171 | D:12     | Found a staircase to the Orcish Mines.
 18236 | D:12     | Gained mutation: You are resistant to hostile enchantments. (MR+) [potion of beneficial mutation]
 18628 | D:12     | Reached skill level 1 in Charms
 18847 | D:12     | Reached skill level 5 in Armour
 18875 | D:12     | Noticed a centaur warrior
 18888 | D:12     | Killed a centaur warrior
 19379 | D:12     | Reached skill level 1 in Air Magic
 19451 | D:12     | Slain by a sun demon

Vault maps used:
D:1:      minmay_arrival_nine_rooms, hangedman_decor_growths
D:2:      nicolae_gozag_seed_capital, kennysheep_generic_room_13, uniq_terence
D:3:      lemuel_round_altar, grunt_temple_overflow_open, first_bread
D:4:      enter_ossuary_1, serial_shops, nicolae_shop_crystal
D:5:      serial_co_window_serial, co_window_paths_a, co_window_corner_a,
          co_window_paths_b, co_window_paths_a, co_window_corner_a,
          co_window_corner_a, co_window_paths_b, co_window_corner_b,
          co_window_unsneaky_path_b, co_window_broadway_a, co_window_broadway_a,
          glass_columns_b, glass_columns_a, glass_columns_a, glass_columns_a,
          glass_columns_c
D:6:      mumra_celtic_spiral_tile, basic_altar, hangedman_decor_opposing,
          uniq_prince_ribbit1
D:7:      uniq_pikel
D:8:      serial_shops, kennysheep_mini_moat
D:9:      minmay_diamond_stairs, lemuel_crystal_altar, uniq_joseph
D:10:     minmay_separated_statues, uniq_maurice, uniq_urug
D:11:     lair_0_dummy, uniq_erolcha, uniq_fannar, uniq_snorg, uniq_erica
D:12:     minmay_wavy_crystal, hiddenorc2_lemuel, serial_shops,
          nicolae_shop_trees, uniq_josephine
Ossuary:  ossuary_minmay_scorpions

Skill      XL: |  1  2  3  4  5  6  7  8  9 10 11 12 13 |
---------------+----------------------------------------+-----
Short Blades   | 3 4 |  4.6
Stealth        | 6 7 8 |  8.1
Fighting       | 3 4 6 8 9 |  9.2
Throwing       | 3 4 |  4.7
Dodging        | 4 5 7 8 9 |  9.2
Staves         | 1 5 7 10 12 13 14 | 14.2
Armour         | 4 5 |  5.7
Charms         | 2 |  2.3
Air Magic      | 1 |  1.1

Action                   |  1- 3 |  4- 6 |  7- 9 | 10-12 | 13-15 || total
-------------------------+-------+-------+-------+-------+-------++-------
Melee: Dagger            |   104 |    95 |    54 |    10 |    11 ||   274
       Quarterstaff      |       |       |   290 |   656 |   254 ||  1200
       Whip              |       |       |       |   255 |       ||   255
 Fire: Blowgun           |     1 |     6 |    29 |    28 |     5 ||    69
Throw: Tomahawk          |       |       |    10 |    11 |       ||    21
       Throwing net      |       |       |       |     1 |       ||     1
Evoke: Wand              |       |       |       |     6 |     1 ||     7
  Use: Scroll            |       |       |     7 |    12 |     8 ||    27
       Potion            |       |       |     3 |     3 |     5 ||    11
 Stab: Sleeping          |     4 |     9 |    16 |    16 |     4 ||    49
       Distracted        |       |     1 |     2 |    10 |     6 ||    19
       Invisible         |       |       |       |       |     3 ||     3
  Eat: Chunk             |    11 |     1 |       |     5 |       ||    17
       Meat ration       |       |       |     2 |     3 |     2 ||     7
       Beef jerky        |       |       |     1 |       |       ||     1
       Royal jelly       |       |       |       |     1 |       ||     1
Armor: Robe              |    32 |       |       |       |       ||    32
       Leather armour    |       |    14 |    61 |     2 |       ||    77
       Scale mail        |       |       |       |   218 |    33 ||   251
       Ring mail         |       |       |       |       |    41 ||    41
Dodge: Dodged            |    81 |    42 |   214 |   522 |   200 ||  1059
